 Dungeon Crawl Stone Soup version 0.23.2-1-ga50397a6bc (webtiles) character file.

Game seed: 15343233347072588411

331 Ethylacetat the Poker (level 6, -5/48 HPs)
             Began as a Demonspawn Gladiator on Apr 22, 2019.
             Slain by an orc priest
             ... wielding a +0 trident
              (9 damage)
             ... on level 4 of the Dungeon.
             The game lasted 00:09:23 (4394 turns).

Ethylacetat the Poker (Demonspawn Gladiator)        Turns: 4394, Time: 00:09:23

Health: -5/48      AC:  3    Str: 15    XL:     6   Next: 26%
Magic:  6/6        EV: 12    Int:  9    God:
Gold:   172        SH:  0    Dex: 18    Spells: 5/5 levels left

rFire    . . .     SeeInvis .   p - +1 dagger (drain)
rCold    . . .     Gourm    .   (no shield)
rNeg     . . .     Faith    .   b - +0 leather armour
rPois    .         Spirit   .   (helmet restricted)
rElec    .         Reflect  .   (no cloak)
rCorr    .         Harm     .   (no gloves)
MR       .....                  (no boots)
Stlth    ++........             (no amulet)
HPRegen  0.16/turn              (no ring)
MPRegen  0.10/turn              (no ring)

@: lightly drained
A: horns 1, thin skeletal structure 1
a: no special abilities


You were on level 4 of the Dungeon.
You were not hungry.

You visited 1 branch of the dungeon, and saw 4 of its levels.

You collected 172 gold pieces.

Inventory:

Hand Weapons
 a - a +0 trident
 c - a +3 rapier
 i - a +1 whip of electrocution
 p - a +1 dagger of draining (weapon)
Missiles
 d - 3 throwing nets (quivered)
Armour
 b - a +0 leather armour (worn)
Jewellery
 j - an uncursed ring of fire
Wands
 o - a wand of random effects (13)
Scrolls
 e - 5 scrolls of identify
 g - a scroll of enchant armour {unknown}
 l - a scroll of remove curse
 q - 4 scrolls of teleportation
Potions
 h - 3 potions of might
Comestibles
 f - 13 rations
 k - a chunk of flesh


   Skills:
 + Level 4.1(3.7) Fighting
 * Level 5.5(5.0) Polearms
 - Level 1.7(1.3) Throwing
 - Level 2.6(2.2) Dodging


You had 5 spell levels left.
You didn't know any spells.
Your spell library was empty.

Dungeon Overview and Level Annotations

Branches:
Dungeon (4/15)
 Temple: D:4-7

Altars:


Innate Abilities, Weirdness & Mutations

You have a pair of small horns on your head.
You have a somewhat thin skeletal structure. (Dex +2, Stealth)


Message History

The orc priest invokes the aid of Beogh against you.
You barely resist.
The orc priest hits you with a +0 hand axe.
In your confused state, you trip and fall back down the stairs.
Something hits you.
The orc priest looks braver for a moment.
The orc priest hits you with a +0 hand axe.
The orc priest hits you from afar with a +0 trident.
Something hits you. The orc priest barely misses you.
In your confused state, you trip and fall back down the stairs.
You feel less confused. Something hits you. The orc priest closely misses you.
The orc priest invokes the aid of Beogh against you.
Pain shoots through your body!
* * * LOW HITPOINT WARNING * * *
You hit the orc priest. You drain the orc priest. You headbutt the orc priest.
The orc priest is severely wounded.
Something hits you but does no damage.
The orc priest hits you from afar with a +0 trident!
You die...

##.....##
#.......
#.......
#.......
#.....#
##.....##
#...oo).##
#.....@..#
#..........#
..#.........#
...^........#
.##.........#
#.........#
#.........#
##.......##


You could see 2 orc priests.

Vanquished Creatures
  A crimson imp (D:3)
  Jessica (D:3)
  2 iguanas (D:3)
  Ijyb (D:3)
  6 adders
  4 gnolls (D:2)
  3 oozes
  3 worms
  2 dart slugs
  2 leopard geckos
  3 orcs (D:3)
  5 giant cockroaches
  9 goblins
  4 hobgoblins
  5 jackals (D:3)
  A quokka (D:2)
  2 ball pythons
  7 bats
  7 frilled lizards
  10 kobolds
  9 rats
87 creatures vanquished.

Notes
Turn   | Place    | Note
-------+----------+-------------------------------------------
     0 | D:1      | Ethylacetat the Demonspawn Gladiator began the quest for
                  | the Orb.
     0 | D:1      | Reached XP level 1. HP: 16/16 MP: 1/1
   297 | D:1      | Reached skill level 3 in Polearms
   350 | D:1      | Gained mutation: You have a somewhat thin skeletal
                  | structure. (Dex +2, Stealth) [demonic ancestry]
   350 | D:1      | Reached XP level 2. HP: 22/22 MP: 2/2
   859 | D:1      | Reached XP level 3. HP: 28/28 MP: 3/3
   962 | D:2      | Reached skill level 4 in Polearms
   962 | D:2      | Gained mutation: You have a pair of small horns on your
                  | head. [demonic ancestry]
   962 | D:2      | Reached XP level 4. HP: 17/34 MP: 4/4
  2935 | D:3      | Noticed Ijyb
  2944 | D:3      | Killed Ijyb
  2944 | D:3      | Reached XP level 5. HP: 28/41 MP: 5/5
  3310 | D:3      | Noticed Jessica
  3318 | D:3      | Killed Jessica
  3323 | D:3      | Reached skill level 5 in Polearms
  3585 | D:3      | Reached XP level 6. HP: 37/48 MP: 6/6
  4394 | D:4      | Slain by an orc priest

Skill      XL: |  1  2  3  4  5 |
---------------+----------------+-----
Polearms       | 3 4 5 |  5.5
Fighting       | 3 4 |  4.1
Throwing       | |  1.7
Dodging        | |  2.6

Action                   |  1- 3 |  4- 6 || total
-------------------------+-------+-------++-------
Melee: Trident           |    19 |     1 ||    20
       Whip              |    59 |   184 ||   243
       Headbutt          |       |    40 ||    40
       Dagger            |       |    13 ||    13
  Use: Scroll            |       |     6 ||     6
       Potion            |       |     1 ||     1
 Stab: Sleeping          |     3 |     7 ||    10
  Eat: Chunk             |       |    11 ||    11
Armor: Leather armour    |    12 |    78 ||    90
Dodge: Dodged            |    58 |   180 ||   238
